 Dungeon Crawl Stone Soup version 0.30-a0-867-g305f33218d (webtiles) character file.

Game seed: 3405507030897020531

163 cforsyth the Magician (level 5, -2/28 HPs)
             Began as a Deep Elf Earth Elementalist on Mar 11, 2023.
             Was an Initiate of Vehumet.
             Slain by a gnoll
             ... wielding a +0 club
              (6 damage)
             ... on level 3 of the Dungeon.
             The game lasted 00:04:54 (2843 turns).

cforsyth the Magician (Deep Elf Earth Elementalist) Turns: 2843, Time: 00:04:54

Health: -2/28      AC:  2    Str:  5    XL:     5   Next: 20%
Magic:  14/15      EV: 12    Int: 22    God:    Vehumet [......]
Gold:   161        SH:  0    Dex: 15    Spells: 14/15 levels left

rFire   + . .      SeeInvis .    (no weapon)
rCold   + . .      Faith    .    (no shield)
rNeg    . . .      Spirit   .    a - +0 robe
rPois   .          Reflect  .    (no helmet)
rElec   .          Rampage  .    n - scarf {rC+ rF+}
rCorr   .                        (no gloves)
Will    .....                    (no boots)
Stlth   ++                       (no amulet)
HPRegen 0.24/turn                (no ring)
MPRegen 0.14/turn                (no ring)

@: no status effects
A: no striking features
a: Renounce Religion


You were on level 3 of the Dungeon.
You worshipped Vehumet.
Vehumet was noncommittal.
You visited 2 branches of the dungeon, and saw 5 of its levels.

You collected 161 gold pieces.

Inventory:

Armour
 a - a +0 robe (worn)
 n - a scarf of resistance (worn)
Jewellery
 l - a ring of protection from cold
Scrolls
 c - 3 scrolls of identify {unknown}
 f - a scroll of poison {unknown}
 j - a scroll of enchant armour {unknown}
 m - a scroll of blinking {unknown}
Potions
 b - a potion of magic
 d - a potion of haste {unknown}
 e - 2 potions of resistance {unknown}
 g - 2 potions of degeneration {unknown}
 h - 2 potions of heal wounds {unknown}
 i - a potion of curing {unknown}
 k - a potion of ambrosia {unknown}


   Skills:
 - Level 2.4 Dodging
 - Level 2.4 Stealth
 + Level 5.5 Spellcasting
 - Level 1.1 Transmutations
 + Level 5.2 Earth Magic


You had 14 spell levels left.
You knew the following spells:

 Your Spells              Type           Power      Damage    Failure   Level
a - Sandblast             Erth           58%        2d13      1%          1

Your spell library contained the following spells:

 Spells                   Type           Power      Damage    Failure   Level
 Passwall                 Tmut/Erth      16%        N/A       4%          2
 Stone Arrow              Conj/Erth      34%        3d9       10%         3
 Petrify                  Tmut/Erth      20%        N/A       26%         4
 Tukima's Dance           Hex            6%         N/A       28%         3
 Passage of Golubria      Tloc           6%         N/A       67%         4
 Yara's Violent Unravell  Hex/Tmut       4%         3d4       91%         5


Dungeon Overview and Level Annotations

Branches:
Dungeon (4/15)             Temple (1/1) D:4

Altars:
Cheibriados
Dithmenos
Hepliaklqana
Makhleb
Nemelex Xobeh
Okawaru
Qazlal
Ru
Sif Muna
Vehumet
Xom
Yredelemnul
Zin


Message History

There are monsters nearby!
There are monsters nearby!
There are monsters nearby!
There are monsters nearby!
You can't see any susceptible monsters within range! (Use Z to cast anyway.)
You can't see any susceptible monsters within range! (Use Z to cast anyway.)
The gnoll shouts!
You hear a shout! x2
You can't see any susceptible monsters within range! (Use Z to cast anyway.)
You can't see any susceptible monsters within range! (Use Z to cast anyway.)
A ball python comes into view.
The ball python moves out of view.
You can't see any susceptible monsters within range! (Use Z to cast anyway.)
The gnoll shouts!
You hear a shout!
You can't see any susceptible monsters within range! (Use Z to cast anyway.)
You can't see any susceptible monsters within range! (Use Z to cast anyway.)
A gnoll comes into view. It is wielding a +0 club.
The blast of sand misses the gnoll.
An orc comes into view. It is wielding a +1 vampiric hand axe.
The blast of sand hits the gnoll!
The gnoll is severely wounded.
The gnoll closely misses you.
A dart slug comes into view.
The gnoll attacks as you move away! The gnoll hits you with a +0 club!
The gnoll attacks as you move away! The gnoll hits you with a +0 club!
The gnoll attacks as you move away! The gnoll closely misses you.
The gnoll attacks as you move away! The gnoll hits you but does no damage.
There is a stone staircase leading up here.
The gnoll hits you with a +0 club.
The gnoll hits you from afar with a +0 spear!
* * * LOW HITPOINT WARNING * * *
You climb upwards.
There is a stone staircase leading down here.
You are too injured to fight recklessly!
Casting: Sandblast (safe; 1% risk of failure)
Confirm with . or Enter, or press ? or * to list all spells.
Aiming: Sandblast (safe; 1% risk of failure)
Press: ? - help, Shift-Dir - straight line, f - gnoll
Aim: a gnoll, wielding a +0 club (85% to hit)
The blast of sand misses the gnoll.
The gnoll hits you with a +0 club.
You die...

#.## ##..# ..#
#...# .##
########'#.# .#
#..+.)...#.## .#
#.##.###.#..#
######.##.# #.#..#
#.......#.###.#..#
#.#####.#.....'g.#
#.# #.#'#####.@#
#.# #........###
..#####........####
..##....#####.....#
#.##....# #.....#
#.##....# #.....#
..##....# #.....#
####....#####.....#
...'....'.........#


You could see a gnoll.

Vanquished Creatures
  An orc wizard (D:4)
  Robin (D:2)
  2 adders
  A worm (D:2)
  4 dart slugs
  4 orcs
  6 endoplasms
  5 giant cockroaches
  13 goblins
  12 hobgoblins
  3 jackals (D:1)
  7 quokkas
  6 ball pythons
  5 bats
  3 frilled lizards
  7 kobolds
  8 rats
88 creatures vanquished.

Notes
Turn   | Place    | Note
-------+----------+-------------------------------------------
     0 | D:1      | cforsyth the Deep Elf Earth Elementalist began the quest
                  | for the Orb.
     0 | D:1      | Reached XP level 1. HP: 10/10 MP: 6/6
   107 | D:1      | Found a faded altar of an unknown god.
   146 | D:1      | Reached XP level 2. HP: 13/15 MP: 4/8
   567 | D:1      | Reached XP level 3. HP: 14/19 MP: 8/10
  1259 | D:2      | Noticed Robin
  1469 | D:2      | Killed Robin
  1470 | D:2      | Reached XP level 4. HP: 24/24 MP: 8/12
  1856 | D:3      | Reached skill level 5 in Spellcasting
  2543 | D:4      | Found a staircase to the Ecumenical Temple.
  2567 | D:4      | Reached skill level 5 in Earth Magic
  2567 | D:4      | Reached XP level 5. HP: 28/28 MP: 11/14
  2584 | Temple   | Entered the Ecumenical Temple
  2750 | Temple   | Became a worshipper of Vehumet
  2843 | D:3      | Slain by a gnoll

Illustrated notes

Levels and vault maps discovered:
D:1:      scummos_arrival_forest, layout_loops_ring,
          chequers_ecumenical_altar_simple
D:2:      minmay_evil_eye, layout_basic, uniq_robin
D:3:      minmay_general_purpose_star, layout_basic, minmay_misc_feat_encased
D:4:      layout_rooms, mainiacjoe_overflow_boulevard,
          mainiacjoe_overflow_catwalk, minmay_temple_entry_statues_pillars,
          glass_columns_c
Temple:   oiseaux_autumnal_temple

Skill      XL: |  1  2  3  4 |
---------------+-------------+-----
Spellcasting   | 4 5 |  5.5
Earth Magic    | 4 5 |  5.2
Dodging        | |  2.4
Stealth        | |  2.4
Transmutations | |  1.1

Action                     |  1- 3 |  4- 6 || total
---------------------------+-------+-------++-------
  Melee: Unarmed           |     1 |       ||     1
   Cast: Sandblast         |    71 |    48 ||   119
 Armour: Robe              |     9 |     3 ||    12
  Dodge: Dodged            |    17 |     7 ||    24

Table legend: (Time is in decaauts)
 A = Elapsed time spent in this place.
 B = Non-inter-level travel time spent in this place.
 C = Inter-level travel time spent in this place.
 D = Time resting spent in this place.
 E = Time spent auto-exploring this place.
 F = Levels seen in this place.
 G = Mean time per level.
                   A        B        C        D        E       F      G
               +--------+--------+--------+--------+--------+-----+--------+
         Total |   2904 |   2808 |     96 |    138 |   2203 |   5 |  580.8 |
       Dungeon |   2711 |   2640 |     71 |    138 |   2057 |   4 |  677.8 |
        Temple |    193 |    168 |     25 |      0 |    146 |   1 |  193.0 |
               +--------+--------+--------+--------+--------+-----+--------+

Top non-repeatable levels by time:
     D:1: 1123 daAuts
     D:3: 755 daAuts
     D:2: 710 daAuts
  Temple: 193 daAuts
     D:4: 121 daAuts
